 Dungeon Crawl Stone Soup version 0.30-a0-1160-g6e42c06551 (webtiles) character file.

Game seed: 14160702147878055471

63 avis the Insei (level 3, -2/29 HPs)
             Began as a Demigod Transmuter on Apr 26, 2023.
             Slain by Terence
             ... wielding a +3 hand axe of flaming
              (3 damage)
             ... on level 2 of the Dungeon.
             The game lasted 00:12:19 (1069 turns).

avis the Insei (Demigod Transmuter)                 Turns: 1069, Time: 00:12:20

Health: -2/29      AC:  2    Str: 11    XL:     3   Next: 63%
Magic:  8/8        EV: 12    Int: 15    God:
Gold:   72         SH:  0    Dex: 18    Spells: 3/6 levels left

rFire   . . .        b - +1 sling
rCold   . . .        (no shield)
rNeg    . . .        a - +0 robe
rPois   .            (no helmet)
rElec   .            (no cloak)
rCorr   .            (no gloves)
SInv    .            (no boots)
Will    .....        (no amulet)
Stlth   ++           (no ring)
HPRegen 0.24/turn    (no ring)
MPRegen 0.11/turn

%: no passive effects
@: no status effects
A: high MP 1, forlorn, divine attributes
a: no special abilities


You were on level 2 of the Dungeon.
You visited 1 branch of the dungeon, and saw 2 of its levels.

You collected 72 gold pieces.

Inventory:

Hand Weapons
 b - a +1 sling (weapon)
Missiles
 g - 10 poisoned darts
Armour
 a - a +0 robe (worn)
Magical Staves
 f - a staff of fire
Potions
 c - a potion of lignification
 d - 2 potions of cancellation {unknown}
 h - a potion of degeneration {unknown}
 i - 2 potions of heal wounds {unknown}


   Skills:
 - Level 2.0 Fighting
 * Level 2.1 Ranged Weapons
 - Level 2.0 Dodging
 - Level 2.6 Unarmed Combat
 - Level 2.0 Spellcasting
 - Level 2.0 Transmutations


You had 3 spell levels left.
You knew the following spells:

 Your Spells              Type           Power      Damage    Failure   Level
a - Beastly Appendage     Tmut           14%        N/A       10%         1
e - Wereblood             Tmut           7%         N/A       14%         2

Your spell library contained the following spells:

 Spells                   Type           Power      Damage    Failure   Level
 Cigotuvi's Dreadful Rot  Necr/Pois/Air  2%         N/A       32%         2
 Spider Form              Tmut/Pois      4%         N/A       41%         3
 Ozocubu's Armour         Ice            1%         N/A       54%         3
 Ice Form                 Ice/Tmut       4%         N/A       82%         4
 Dispel Undead            Necr           1%         3d6       91%         4
 Death Channel            Necr           0%         N/A       100%        6
 Ozocubu's Refrigeration  Ice            0%         4d7       100%        7


Dungeon Overview and Level Annotations

Branches:
Dungeon (2/15)

Annotations:
D:2 Terence


Innate Abilities, Weirdness & Mutations

You have an increased reservoir of magic. (+10% MP)
You shall have no god before yourself.
Your divine heritage dramatically boosts your attributes as you level up.


Message History

The gnoll is lightly wounded.
Unknown command.
Fire: b) +0 sling
Press: ? - help, Q - select action, (/) - cycle Shift-Dir - straight line, f/p - gnoll
Aim: a gnoll, wielding a +0 flail and wearing a +0 ring mail (lightly wounded, 68% to hit)
You shoot a sling bullet.
The sling bullet barely misses the gnoll.
Fire: b) +0 sling
Press: ? - help, Q - select action, (/) - cycle Shift-Dir - straight line, f/p - gnoll
Aim: a gnoll, wielding a +0 flail and wearing a +0 ring mail (lightly wounded, 68% to hit)
You shoot a sling bullet.
The sling bullet completely misses the gnoll.
Fire: b) +0 sling
Press: ? - help, Q - select action, (/) - cycle Shift-Dir - straight line, f/p - gnoll
Aim: a gnoll, wielding a +0 flail and wearing a +0 ring mail (lightly wounded, 68% to hit)
You shoot a sling bullet.
The sling bullet hits the gnoll but does no damage.
The gnoll is lightly wounded.
Fire: b) +0 sling
Press: ? - help, Q - select action, (/) - cycle Shift-Dir - straight line, f/p - gnoll
Aim: a gnoll, wielding a +0 flail and wearing a +0 ring mail (lightly wounded, 68% to hit)
You shoot a sling bullet.
The sling bullet closely misses the gnoll.
A quokka comes into view.
The gnoll hits you with a +0 flail!
Fire: b) +0 sling
Press: ? - help, Q - select action, (/) - cycle Shift-Dir - straight line, f/p - gnoll
Aim: a gnoll, wielding a +0 flail and wearing a +0 ring mail (lightly wounded, 68% to hit)
You shoot a sling bullet.
The sling bullet closely misses the gnoll.
The gnoll hits you with a +0 flail! The gnoll completely misses you.
The gnoll attacks as you move away! The gnoll barely misses you.
The gnoll attacks as you move away! The gnoll hits you with a +0 flail!
* * * LOW HITPOINT WARNING * * *
Terence shouts!
As you read the scroll labelled MAMPIQ SIUNIEMM, it crumbles to dust.
It is a scroll of enchant weapon.
Your +0 sling glows red for a moment.
The gnoll barely misses you.
Terence hits you with a +3 hand axe of flaming.
You die...

)...... .......
........ ..# .......
#..# ......r
####..###
.....g.#####.......#
#....g.#.....>...#
##.##.g#.#.......#
#.##.@@.........#
#.##............#
#...............#
#......###....)..#
#......#..##.......#
#.##.####.#####...<##
#....# ..# ##....#
...### #.# #....#
..## .# ##...#


You could see Terence, 3 gnolls and a quokka.

Vanquished Creatures
  A gnoll (D:2)
  2 dart slugs
  2 ball pythons (D:1)
  6 bats
  4 endoplasms
  3 giant cockroaches (D:1)
  5 hobgoblins (D:1)
  4 jackals
  5 kobolds (D:1)
  A quokka (D:1)
  9 frilled lizards (D:1)
  2 goblins
  2 rats (D:1)
46 creatures vanquished.

Notes
Turn   | Place    | Note
-------+----------+-------------------------------------------
     0 | D:1      | avis the Demigod Transmuter began the quest for the Orb.
     0 | D:1      | Reached XP level 1. HP: 15/15 MP: 5/5
    52 | D:1      | Reached skill level 1 in Fighting
   139 | D:1      | Reached XP level 2. HP: 22/24 MP: 7/7
   307 | D:1      | Reached skill level 1 in Ranged Weapons
   361 | D:1      | Learned a level 2 spell: Wereblood
   465 | D:1      | Reached XP level 3. HP: 29/29 MP: 8/8
   693 | D:2      | Noticed Terence
  1068 | D:2      | HP: 1/29 [gnoll/+0 flail (9)]
  1069 | D:2      | Slain by Terence

Illustrated notes

Levels and vault maps discovered:
D:1:      lightli_arrival_farm, layout_rooms, minmay_misc_feat_square,
          chequers_serial_rivers_micro_b, minmay_lizard_pond
D:2:      layout_rooms, uniq_robin, uniq_terence

Skill      XL: |  1  2  3 |
---------------+----------+-----
Fighting       | 1 2 |  2.0
Dodging        | 2 |  2.0
Ranged Weapons | 1 2 |  2.1
Spellcasting   | 2 |  2.0
Transmutations | 2 |  2.0
Unarmed Combat | |  2.6

Action                     || total
---------------------------++-------
  Melee: Unarmed           ||    16
         Kick              ||     3
         Headbutt          ||     3
   Fire: Sling             ||   155
   Cast: Beastly Appendage ||     3
    Use: Scroll            ||     1
 Armour: Robe              ||    34
  Dodge: Dodged            ||    86

Table legend: (Time is in decaauts)
 A = Elapsed time spent in this place.
 B = Non-inter-level travel time spent in this place.
 C = Inter-level travel time spent in this place.
 D = Time resting spent in this place.
 E = Time spent auto-exploring this place.
 F = Levels seen in this place.
 G = Mean time per level.
                   A        B        C        D        E       F      G
               +--------+--------+--------+--------+--------+-----+--------+
         Total |   1150 |   1071 |     79 |    236 |    386 |   2 |  575.0 |
       Dungeon |   1150 |   1071 |     79 |    236 |    386 |   2 |  575.0 |
               +--------+--------+--------+--------+--------+-----+--------+

Top non-repeatable levels by time:
     D:1: 969 daAuts
     D:2: 180 daAuts
